 Dungeon Crawl Stone Soup version 0.21-a0-621-gc60411f (webtiles) character file.

10172 Amnesiac the Martial Artist (level 11, -1/90 HPs)
             Began as an Octopode Transmuter on Dec 23, 2017.
             Was a High Priest of Okawaru.
             Slain by a spiny frog (20 damage)
             ... on level 3 of the Lair of Beasts.
             The game lasted 00:25:35 (16886 turns).

Amnesiac the Martial Artist (Octopode Transmuter)  Turns: 16886, Time: 00:25:35

Health: -1/90      AC:  8    Str: 10    XL:     11   Next: 58%
Magic:  0/20       EV: 14    Int: 18    God:    Okawaru [*****.]
Gold:   646        SH:  0    Dex: 15    Spells: 5/22 levels left

rFire    x . .     SeeInvis .     - Unarmed
rCold    + + +     Gourm    .   (shield currently unavailable)
rNeg     . . .     Faith    .   (helmet currently unavailable)
rPois    +         Spirit   +   G - amulet of guardian spirit
rElec    .         Reflect  .   q - +2 ring of protection
rCorr    .         Harm     .   w - ring of stealth
MR       .....                  (no ring)
Stlth    ++........             (no ring)
HPRegen  0.25/turn              (no ring)
MPRegen  0.17/turn              (no ring)
                                (no ring)
                                (no ring)

@: lethally poisoned (-1 -> -28), ice-form
A: large, almost no armour, stealthy swim, amphibious, 8 rings, (constrict 8),
blurry vision 1, clever 1
a: End Transformation, Heroism, Finesse, Renounce Religion


You were on level 3 of the Lair of Beasts.
You worshipped Okawaru.
Okawaru was extremely pleased with you.
You were not hungry.
You were a creature of crystalline ice.
You visited 3 branches of the dungeon, and saw 14 of its levels.

You collected 646 gold pieces.

Inventory:

Hand Weapons
 r - a +2 morningstar of protection (melded)
 x - a +0 blowgun
 E - a +2 dagger of venom
Missiles
 a - 137 arrows
 b - a throwing net
 e - 5 poisoned needles
 g - 437 stones
 F - 5 steel tomahawks (quivered)
 J - 5 curare-tipped needles
Magical Staves
 y - an uncursed staff of air
Jewellery
 k - an uncursed ring of teleportation
 q - a +2 ring of protection (left front paw)
 w - a ring of stealth (right front paw)
 A - an uncursed amulet of regeneration
 G - an amulet of guardian spirit (around neck)
Wands
 n - a wand of clouds (6)
 v - a wand of enslavement (11)
 z - a wand of scattershot (4)
 D - a wand of digging (9)
Scrolls
 d - a scroll of fog {!r}
 h - 8 scrolls of teleportation {!r}
 i - a scroll of enchant armour {!r}
 j - 5 scrolls of remove curse {!r}
 l - 3 scrolls of blinking {!r}
 m - 4 scrolls of amnesia {!r}
 B - 3 scrolls of identify {!r}
Potions
 f - 2 potions of haste {!q}
 o - 2 potions of curing {!q}
 p - 2 potions of magic {!q}
 s - a potion of mutation {!q}
 t - 2 potions of brilliance {!q}
 u - 2 potions of ambrosia {!q}
 H - a potion of might {!q}
 I - 2 potions of heal wounds {!q}
Comestibles
 c - 16 rations
 C - 3 chunks of flesh


   Skills:
 - Level 7.0 Fighting
 - Level 7.0 Dodging
 * Level 10.3 Unarmed Combat
 - Level 6.0 Spellcasting
 - Level 10.0 Transmutations


You had 5 spell levels left.
You knew the following spells:

 Your Spells              Type           Power        Failure   Level  Hunger
a - Spider Form           Tmut/Pois      ###.......   4%          3    ##.....
b - Sticks to Snakes      Tmut           #####...     1%          2    None
c - Poisonous Vapours     Pois/Air       #.....       19%         2    None
d - Mephitic Cloud        Conj/Pois/Air  #.......     34%         3    ##.....
e - Ice Form              Ice/Tmut       ###.....     16%         4    ####...
s - Conjure Flame         Conj/Fire      #.......     34%         3    ##.....


Dungeon Overview and Level Annotations

Branches:
Dungeon (10/15)            Temple (1/1) D:6            Lair (3/6) D:10
    Orc (0/2) D:10
  Swamp: Lair:2-4    Shoals: Lair:2-4     Snake: Lair:2-4    Spider: Lair:2-4

Altars:
Ashenzari
Cheibriados
Dithmenos
Elyvilon
Fedhas
Gozag
Hepliaklqana
Kikubaaqudgha
Makhleb
Nemelex Xobeh
Okawaru
Qazlal
Ru
Sif Muna
Trog
Uskayaw
Vehumet
Wu Jian
Xom
Yredelemnul
Zin
The Shining One

Shops:
D:5 %   D:9 (

Annotations:
D:7 Gorice's ghost, novice DsWn
Lair:3 Snorg


Innate Abilities, Weirdness & Mutations

You cannot wear most types of armour.
You are very stealthy in the water. (Stealth+)
You are amphibious.
You can wear up to eight rings at the same time.
((You can use your tentacles to constrict eight enemies at once.))
((Your skin changes colour to match your surroundings (Stealth+).))
((Your rubbery body absorbs attacks. (AC +1, EV +1)))
((You have a pair of small antennae on your head.))
((You are partially covered in thin metallic scales. (AC +2)))
Scrolls take you a little longer to read.
Your mind is acute. (Int +2)


Message History

This raw flesh tastes terrible.
A hippogriff comes into view.
The hippogriff moves out of view.
Your transformation is almost over.
Found a whip and 10 gold pieces.
Found 13 gold pieces.
A spiny frog comes into view.
The hippogriff screeches!
You hear a croak.
Found a wooden wand.
A spiny frog comes into view.
The hippogriff bites you. The hippogriff barely misses you.
The hippogriff misses you.
The spiny frog croaks.
You hit the hippogriff. You freeze the hippogriff.
The hippogriff is lightly wounded.
The hippogriff barely misses you. x2
The hippogriff claws you but does no damage.
The spiny frog croaks.
You punch the hippogriff! You freeze the hippogriff.
The hippogriff is heavily wounded.
You hit the hippogriff. You freeze the hippogriff.
The hippogriff is severely wounded.
The hippogriff bites you. The hippogriff closely misses you. x2
You punch the hippogriff! You freeze the hippogriff.
The hippogriff is almost dead.
You warm up again.
Your +2 morningstar of protection hums with potential!
The hippogriff bites you! The hippogriff misses you.
The hippogriff completely misses you.
Casting: Ice Form
Confirm with . or Enter, or press ? or * to list all spells.
You turn into a creature of crystalline ice.
Your +2 morningstar of protection goes still.
The hippogriff bites you! The hippogriff barely misses you.
The hippogriff claws you. The spiny frog stings you! The hippogriff bites you.
The hippogriff pecks you.
The hippogriff claws you but does no damage.
The spiny frog stings you.
* * * LOW HITPOINT WARNING * * *
You punch the hippogriff! You freeze the hippogriff.
You kill the hippogriff!
Okawaru accepts your kill.
You punch the spiny frog! You freeze the spiny frog.
The spiny frog is moderately wounded.
A hippogriff and a blink frog come into view.
A blink frog comes into view.
The spiny frog stings you.
* * * LOW HITPOINT WARNING * * *
You are poisoned.
The spiny frog poisons you! The spiny frog barely misses you.
A blink frog and Snorg come into view.
You feel sick. The spiny frog stings you!
* * * LOW HITPOINT WARNING * * *
Really read
h - 8 scrolls of teleportation {!r}?
Really read with blurry vision while enemies are nearby?
You feel sick.
The blink frog blinks!
You begin reading the scroll.
You continue reading the scroll.
You hear the ticking of a distant clock.
You feel sick. The spiny frog stings you!!
* * * LOW HITPOINT WARNING * * *
You are lethally poisoned!
The spiny frog poisons you! The spiny frog stings you!!
You die...

..........
#..F......
#....T....
#F...H.... ####
#.....ยง...
#.P.##.........
..........F....
.......Y.#
P...#PFPF##
.......'..# .F#
.......#.## #....#
./....$#..## .....#
.........#.# ......
#.#..#P...###.....)
..................$
...............P#


You could see Snorg, a hippogriff (wandering), 2 spiny frogs and 3 blink frogs.

Vanquished Creatures
  A two-headed ogre (D:8)
  A gargoyle (D:10)
  A spiny frog (Lair:2)
  A rime drake (Lair:2)
  2 komodo dragons (Lair:2)
  4 trolls
  5 hippogriffs
  5 yaks
  A wyvern (Lair:2)
  5 hungry ghosts
  A basilisk (Lair:2)
  Menkaure (D:7)
  The ghost of Amnesiac the Insei, an amateur OpTm (D:3)
  2 hell hounds (D:10)
  2 water moccasins (Lair:2)
  4 porcupines
  An orc warrior (D:8)
  2 black bears
  3 sky beasts
  2 centaurs
  5 ogres
  2 crocodiles (Lair:1)
  6 bullfrogs
  2 scorpions
  A troll zombie (D:10)
  4 wights (D:8)
  3 crimson imps
  A howler monkey (D:10)
  6 hounds
  2 jellies
  3 bullfrog skeletons
  5 orc priests
  6 orc wizards
  5 iguanas
  Natasha (D:3)
  Terence (D:3)
  5 worker ants
  5 ogre zombies (D:10)
  2 hound zombies
  Robin (D:2)
  4 worker ant zombies
  4 gnolls (D:5)
  8 adders
  4 river rats (D:8)
  A shadow imp (D:5)
  An ooze (D:3)
  An adder skeleton (D:8)
  6 leopard geckos
  24 orcs
  3 giant cockroaches
  19 goblins
  12 hobgoblins
  7 jackals
  5 quokkas
  A ball python (D:4)
  10 bats
  4 frilled lizards
  A giant cockroach zombie (D:6)
  3 goblin skeletons (D:10)
  3 goblin zombies (D:10)
  A hobgoblin skeleton (D:10)
  3 hobgoblin zombies (D:10)
  6 kobolds
  3 leopard gecko skeletons
  3 orc skeletons (D:10)
  6 orc zombies (D:10)
  2 quokka zombies (D:7)
  28 rats
284 creatures vanquished.

Vanquished Creatures (collateral kills)
  Sigmund (D:3)
  Eustachio (D:6)
  A goblin (D:1)
  A quokka (D:3)
4 creatures vanquished.

Vanquished Creatures (others)
  3 howler monkeys (D:7)
  A fungus (Lair:3)
  A plant (Lair:3)
5 creatures vanquished.

Grand Total: 293 creatures vanquished

Notes
Turn   | Place    | Note
-------+----------+-------------------------------------------
     0 | D:1      | Amnesiac the Octopode Transmuter began the quest for the Orb.
     0 | D:1      | Reached XP level 1. HP: 13/13 MP: 3/3
   209 | D:1      | Reached XP level 2. HP: 7/18 MP: 5/5
   217 | D:1      | Learned a level 2 spell: Sticks to Snakes
   981 | D:2      | Reached XP level 3. HP: 22/24 MP: 6/6
  1022 | D:2      | Learned a level 3 spell: Spider Form
  1204 | D:2      | Noticed Robin
  1229 | D:2      | Killed Robin
  1247 | D:2      | HP: 1/24 [goblin/dagger[Robin] (4)]
  1277 | D:2      | Reached XP level 4. HP: 4/29 MP: 3/7
  1997 | D:2      | Found a burning altar of Makhleb.
  1997 | D:2      | Noticed a blizzard demon
  2000 | D:2      | Noticed a smoke demon
  2000 | D:2      | Noticed an orange demon
  2290 | D:3      | Noticed Sigmund
  2325 | D:3      | Killed Sigmund
  2325 | D:3      | Reached XP level 5. HP: 30/35 MP: 1/8
  2543 | D:3      | Reached XP level 6. HP: 28/41 MP: 9/9
  2983 | D:3      | Noticed Terence
  2985 | D:3      | Noticed Natasha
  3000 | D:3      | Killed Terence
  3004 | D:3      | Killed Natasha
  3124 | D:3      | Noticed Amnesiac's ghost (amateur OpTm)
  3144 | D:3      | Killed Amnesiac's ghost
  3144 | D:3      | Reached XP level 7. HP: 29/46 MP: 9/11
  3269 | D:3      | Gained mutation: You have a pair of small antennae on your head. [potion of mutation]
  3269 | D:3      | Gained mutation: Your mind is acute. (Int +2) [potion of mutation]
  3269 | D:3      | Gained mutation: Scrolls take you a little longer to read. [potion of mutation]
  3269 | D:3      | Gained mutation: You are partially covered in thin metallic scales. (AC +2) [potion of mutation]
  3723 | D:4      | Reached skill level 5 in Transmutations
  3761 | D:4      | Found a sacrificial altar of Ru.
  3911 | D:4      | You fall through a shaft!
  3911 | D:5      | Entered Level 5 of the Dungeon
  3920 | D:5      | Reached skill level 5 in Unarmed Combat
  4199 | D:5      | Found Dein's Food Shoppe.
  4540 | D:4      | Reached XP level 8. HP: 54/54 MP: 11/13
  4745 | D:5      | Learned a level 4 spell: Ice Form
  5093 | D:6      | Found a burning altar of Makhleb.
  5146 | D:6      | Noticed Eustachio
  5168 | D:6      | Killed Eustachio
  5180 | D:6      | Found a staircase to the Ecumenical Temple.
  5221 | Temple   | Entered the Ecumenical Temple
  5409 | Temple   | Became a worshipper of Warmaster Okawaru
  5884 | D:7      | Noticed Gorice's ghost (novice DsWn)
  6126 | D:7      | Noticed a vampire
  6613 | D:7      | Reached XP level 9. HP: 58/59 MP: 15/15
  6614 | D:7      | Noticed Menkaure
  6629 | D:7      | Killed Menkaure
  7810 | D:8      | Reached * piety under Okawaru
  7987 | D:8      | Noticed a two-headed ogre
  8181 | D:8      | Killed a two-headed ogre
  8181 | D:8      | Reached ** piety under Okawaru
  8181 | D:8      | Reached skill level 5 in Fighting
  8181 | D:8      | Reached skill level 5 in Dodging
  8754 | D:8      | Noticed a troll
  8756 | D:8      | Reached XP level 10. HP: 66/66 MP: 13/17
  8764 | D:8      | Reached skill level 5 in Spellcasting
  9679 | D:8      | Learned a level 2 spell: Poisonous Vapours
  9683 | D:8      | Learned a level 3 spell: Conjure Flame
  9687 | D:8      | Learned a level 3 spell: Mephitic Cloud
 11003 | D:9      | Found Sasatozi's Antique Weapon Emporium.
 11457 | D:9      | Reached *** piety under Okawaru
 12165 | D:10     | Entered Level 10 of the Dungeon
 12244 | D:10     | Noticed a gargoyle
 12625 | D:10     | Reached **** piety under Okawaru
 12640 | D:10     | Received a gift from Okawaru
 12672 | D:10     | Found a staircase to the Orcish Mines.
 12691 | D:10     | Paralysed by fainting for 5 turns
 12712 | D:10     | Paralysed by fainting for 11 turns
 13439 | D:10     | Found a staircase to the Lair.
 13592 | D:10     | Reached XP level 11. HP: 66/74 MP: 14/19
 14427 | Lair:1   | Entered Level 1 of the Lair of Beasts
 14871 | Lair:1   | Found an ancient bone altar of Kikubaaqudgha.
 15857 | Lair:2   | Reached ***** piety under Okawaru
 16269 | Lair:2   | Reached skill level 10 in Transmutations
 16525 | Lair:2   | Reached skill level 10 in Unarmed Combat
 16544 | Lair:2   | Received a gift from Okawaru
 16884 | Lair:3   | Noticed Snorg
 16886 | Lair:3   | Slain by a spiny frog

Vault maps used:
D:1:      dpeg_arrival_short_road
D:2:      makhleb_altar_promises_db, uniq_robin
D:3:      amethyst_killhole, uniq_sigmund, uniq_terence, uniq_natasha
D:4:      hangedman_decor_riveting, nicolae_ru_great_annihilating_truth
D:5:      serial_shops, shop, first_ration
D:6:      overflow_temple_1_default, minmay_temple_entry_trees, uniq_eustachio
D:7:      grunt_ogre_cave, uniq_menkaure
D:8:      dk_rats_in_the_wall
D:9:      serial_shops, nicolae_shop_waterfront
D:10:     minmay_lair_entry_lava, zombieorc1_lemuel
Temple:   minmay_crystal_snake_temple
Lair:1:   basic_altar
Lair:2:   wad_woods_structure_01
Lair:3:   shoals_dummy_entry, lab_entry_generic, uniq_harold, uniq_snorg

Skill      XL: |  1  2  3  4  5  6  7  8  9 10 11 |
---------------+----------------------------------+-----
Fighting       | 2 3 4 5 6 7 |  7.0
Transmutations | 3 4 5 6 7 9 10 | 10.0
Unarmed Combat | 4 5 6 7 9 10 | 10.3
Dodging        | 3 4 5 6 7 |  7.0
Spellcasting   | 3 4 5 6 |  6.0

Action                   |  1- 3 |  4- 6 |  7- 9 | 10-12 || total
-------------------------+-------+-------+-------+-------++-------
Melee: Unarmed           |    83 |    81 |    58 |   244 ||   466
       Constrict         |    21 |    23 |    59 |    32 ||   135
       Tentacles         |    14 |    15 |    44 |    38 ||   111
       Punch             |       |     3 |     5 |     9 ||    17
       Morningstar       |       |    44 |   213 |   206 ||   463
Throw: Stone             |    24 |   103 |   180 |   181 ||   488
       Tomahawk          |       |       |       |    12 ||    12
       Throwing net      |       |       |       |     2 ||     2
 Cast: Sticks to Snakes  |     3 |     1 |    14 |       ||    18
       Spider Form       |     2 |     2 |     8 |    11 ||    23
       Conjure Flame     |       |       |       |     2 ||     2
       Ice Form          |       |       |       |    14 ||    14
Invok: Heroism           |       |       |       |     2 ||     2
Evoke: Wand              |       |       |     5 |     1 ||     6
  Use: Potion            |     2 |     1 |     3 |     1 ||     7
       Scroll            |       |     7 |     6 |     4 ||    17
 Stab: Distracted        |     1 |     1 |     2 |     1 ||     5
       Sleeping          |       |       |     2 |     3 ||     5
  Eat: Chunk             |     1 |     7 |    20 |    28 ||    56
       Ration            |       |       |       |     4 ||     4
Armor: Skin              |    10 |    18 |    82 |    87 ||   197
Dodge: Dodged            |    60 |    94 |   231 |   337 ||   722

Table legend:
 A = Spawn XP
 B = Non-spawn XP
 C = Spawn XP percentage of total XP
 D = Spawn monster count
 E = Non-spawn monster count
 F = Spawn count percentage of total count
 G = Total turns spent on level
                    A         B        C        D         E        F      G
               +---------+---------+-------+---------+---------+-------+---------
         Total |       0 |   14532 |   0.0 |       0 |     289 |   0.0 | 16886
               +---------+---------+-------+---------+---------+-------+---------
           D:1 |       0 |      32 |   0.0 |       0 |      22 |   0.0 |   990
           D:2 |       0 |      71 |   0.0 |       0 |      32 |   0.0 |  1104
           D:3 |       0 |     618 |   0.0 |       0 |      37 |   0.0 |  1327
           D:4 |       0 |     451 |   0.0 |       0 |      20 |   0.0 |   778
           D:5 |       0 |     349 |   0.0 |       0 |      17 |   0.0 |  1049
           D:6 |       0 |     293 |   0.0 |       0 |       5 |   0.0 |   982
           D:7 |       0 |    1047 |   0.0 |       0 |      24 |   0.0 |  2190
           D:8 |       0 |    2745 |   0.0 |       0 |      47 |   0.0 |  2480
           D:9 |       0 |    1440 |   0.0 |       0 |      11 |   0.0 |  1604
          D:10 |       0 |    3216 |   0.0 |       0 |      52 |   0.0 |  1714
        Lair:1 |       0 |     827 |   0.0 |       0 |       6 |   0.0 |   877
        Lair:2 |       0 |    3108 |   0.0 |       0 |      14 |   0.0 |  1530
        Lair:3 |       0 |     335 |   0.0 |       0 |       2 |   0.0 |    52
               +---------+---------+-------+---------+---------+-------+---------
